 Dungeon Crawl Stone Soup version 0.24.0-13-gcf9b319 (webtiles) character file.

Game seed: 4954914979065179944, levelgen mode: deterministic

36 AlyssaTheNerd the Poker (level 3, -3/30 HPs)
             Began as a Merfolk Berserker on Mar 4, 2020.
             Was a Believer of Trog.
             Slain by a gnoll
             ... wielding a +0 spear
              (6 damage)
             ... on level 3 of the Dungeon.
             The game lasted 00:03:42 (2069 turns).

AlyssaTheNerd the Poker (Merfolk Berserker)         Turns: 2069, Time: 00:03:43

Health: -3/30      AC:  3    Str: 18    XL:     3   Next: 37%
Magic:  3/3        EV: 13    Int:  6    God:    Trog [**....]
Gold:   74         SH:  0    Dex: 16    Spells: 2/2 levels left

rFire    . . .     SeeInvis .   a - +0 spear
rCold    + . .     Gourm    .   (no shield)
rNeg     . . .     Faith    .   e - +0 leather armour (curse)
rPois    .         Spirit   .   (no helmet)
rElec    .         Reflect  .   (no cloak)
rCorr    .         Harm     .   (no gloves)
MR       .....                  (no boots)
Stlth    +.........             (no amulet)
HPRegen  0.10/turn              j - +3 ring of dexterity
MPRegen  0.08/turn              n - ring of protection from cold

@: no status effects
A: change form in water, swift swim, stealthy swim
a: Berserk, Trog's Hand, Renounce Religion


You were on level 3 of the Dungeon.
You worshipped Trog.
Trog was pleased with you.
You were hungry.

You visited 1 branch of the dungeon, and saw 3 of its levels.

You collected 74 gold pieces.

Inventory:

Hand Weapons
 a - a +0 spear (weapon)
Armour
 b - a +0 animal skin
 e - a cursed +0 leather armour (worn)
 l - a +0 chain mail
Jewellery
 j - a +3 ring of dexterity (left hand)
 n - a ring of protection from cold (right hand)
Potions
 d - a potion of heal wounds
 g - 2 potions of resistance {unknown}
 h - a potion of brilliance {unknown}
 k - a potion of agility {unknown}
Comestibles
 c - 5 rations


   Skills:
 + Level 3.6 Fighting
 + Level 4.9 Polearms
 + Level 1.8 Armour
 * Level 3.4 Dodging
 + Level 0.3 Stealth


You had 2 spell levels left.
You didn't know any spells.
Your spell library was empty.

Dungeon Overview and Level Annotations

Branches:
Dungeon (3/15)

Altars:


Message History

The gnoll is almost dead.
The gnoll closely misses you. The gnoll hits you with a +0 spear!
* * * LOW HITPOINT WARNING * * *
The rat closely misses you. The gnoll hits you with a +0 whip.
* * * LOW HITPOINT WARNING * * *
You are too injured to fight recklessly!
You are too injured to fight recklessly!
You are too injured to fight recklessly!
You are too injured to fight recklessly!
You are too injured to fight recklessly!
You are too injured to fight recklessly!
You are too injured to fight recklessly!
You are too injured to fight recklessly!
You are too injured to fight recklessly!
You are too injured to fight recklessly!
You are too injured to fight recklessly!
You are too injured to fight recklessly!
You are too injured to fight recklessly!
The gnoll misses you. The gnoll hits you with a +0 spear.
You die...

.. ..
..####.###
##.........
#..........
..........
#.r..$)...
#grg......
#.@.......
#..g......
#.....?...
#.........
##########


You could see 3 gnolls and 2 rats.

Vanquished Creatures
  A worm (D:2)
  A dart slug (D:1)
  2 giant cockroaches (D:1)
  4 goblins (D:1)
  7 hobgoblins
  A ball python (D:1)
  3 bats
  2 frilled lizards
  7 kobolds
  4 rats
32 creatures vanquished.

Notes
Turn   | Place    | Note
-------+----------+-------------------------------------------
     0 | D:1      | AlyssaTheNerd the Merfolk Berserker began the quest for the
                  | Orb.
     0 | D:1      | Reached XP level 1. HP: 18/18 MP: 1/1
    39 | D:1      | Reached XP level 2. HP: 24/24 MP: 2/2
   773 | D:1      | Reached XP level 3. HP: 29/29 MP: 3/3
  1014 | D:2      | Found a faded altar of an unknown god.
  1078 | D:2      | Reached ** piety under Trog
  2069 | D:3      | Slain by a gnoll

Levels and vault maps discovered:
D:1:      dpeg_arrival_rhombi, layout_basic
D:2:      layout_basic, chequers_ecumenical_altar_simple, minmay_hedge_maze
D:3:      layout_rooms, kennysheep_slug_shrine, first_ration,
          nemelex_diamond_rough_becter

Skill      XL: |  1 |
---------------+----+-----
Dodging        | 3 |  3.4
Fighting       | |  3.6
Polearms       | |  4.9
Armour         | |  1.8
Stealth        | |  0.3

Action                   || total
-------------------------++-------
Melee: Spear             ||   124
  Use: Scroll            ||     8
 Stab: Sleeping          ||     3
  Eat: Chunk             ||     3
Armor: Animal skin       ||     8
       Leather armour    ||     1
Dodge: Dodged            ||    52
